 Dungeon Crawl Stone Soup version 0.20-a0-151-g755e310 (webtiles) character file.

12275 dvd the Tainter (level 11, -3/75 HPs)
             Began as an Octopode Venom Mage on Nov 22, 2016.
             Was a High Priest of Sif Muna.
             Slain by a spiny frog (16 damage)
             ... on level 1 of the Lair of Beasts.
             The game lasted 00:48:26 (12793 turns).

dvd the Tainter (Octopode Venom Mage)              Turns: 12793, Time: 00:48:27

Health: -3/75      AC:  5    Str: 11    XL:     11   Next: 90%
Magic:  0/34       EV: 15    Int: 22    God:    Sif Muna [*****.]
Gold:   583        SH:  0    Dex: 12    Spells: 14/30 levels left

rFire  . . .     SeeInvis .     T - +0 quarterstaff (protect)
rCold  . . .     Gourm    .     (shield currently unavailable)
rNeg   + . .     Faith    .     (helmet restricted)
rPois  +         Spirit   .     (no amulet)
rElec  .         Reflect  .     p - ring of positive energy
rCorr  .         Harm     .     t - +4 ring of protection
MR     +++..     Rnd*Tele +     w - ring of protection from magic
Stlth  ++++......               g - +4 ring of strength
                                Q - ring of magical power
                                n - ring of protection from magic
                                (no ring)
                                (no ring)

@: no casting
A: almost no armour, stealthy swim, amphibious, 8 rings, constrict 8, camouflage
1, magic resistance 1, poison resistance, robust 1, screaming 1, teleportitis 2,
gelatinous body 1
a: Stop Divine Energy, Channel Magic, Forget Spell, Renounce Religion


You were on level 1 of the Lair of Beasts.
You worshipped Sif Muna.
Sif Muna was extremely pleased with you.
You were hungry.

You visited 3 branches of the dungeon, and saw 12 of its levels.

You collected 688 gold pieces.
You spent 105 gold pieces at shops.

Inventory:

Hand Weapons
 a - a +4 quarterstaff of chaos
 e - a +1 war axe of flaming
 s - a +2 short sword of draining
 D - a +0 falchion of holy wrath
 L - a +1 dagger of draining
 M - a +1 dagger of electrocution
 T - a +0 quarterstaff of protection (weapon)
 X - a +2 whip of freezing
Armour
 K - a +1 large shield of positive energy
Jewellery
 g - a +4 ring of strength (on tentacle)
 n - a ring of protection from magic (on tentacle)
 p - a ring of positive energy (left tentacle)
 t - a +4 ring of protection (right tentacle)
 w - a ring of protection from magic (on tentacle)
 Q - a ring of magical power (on tentacle)
Wands
 f - a wand of flame (1/48)
 j - a wand of acid (7/15)
 l - a wand of random effects (22/48)
 v - a wand of digging (16/24)
 B - a wand of flame (21/48)
 G - a wand of teleportation (2/9)
 H - a wand of digging (12/24)
 J - a wand of iceblast (3/15)
 N - a wand of random effects (21/48)
 W - a wand of lightning (6/15)
 Y - a wand of confusion (14/48)
Scrolls
 h - a scroll of identify
 i - 2 scrolls of recharging
 m - a scroll of fog
 o - a scroll of magic mapping
 y - 2 scrolls of amnesia
 C - 4 scrolls of remove curse
Potions
 c - a potion of flight
 k - 2 potions of cancellation
 q - 4 potions of curing
 u - a potion of agility
 x - 4 potions of brilliance
 F - 2 potions of haste
 O - a potion of might
 R - a potion of heal wounds
 S - a potion of ambrosia
Books
 d - a Young Poisoner's Handbook

   Spells                             Type                      Level
   a - Sting                          Conjuration/Poison           1
   b - Mephitic Cloud                 Conjuration/Poison/Air       3
   c - Olgreb's Toxic Radiance        Poison                       4
   d - Alistair's Intoxication        Transmutation/Poison         5
   e - Venom Bolt                     Conjuration/Poison           5
 r - a book of Conjurations

   Spells                             Type                      Level
   a - Magic Dart                     Conjuration                  1
   b - Searing Ray                    Conjuration                  2
   c - Dazzling Spray                 Conjuration/Hexes            3
   d - Fulminant Prism                Conjuration/Hexes            4
   e - Iskenderun's Mystic Blast      Conjuration                  4
   f - Iskenderun's Battlesphere      Conjuration/Charms           5
 A - a book of Cantrips

   Spells                             Type                      Level
   a - Confusing Touch                Hexes                        1
   b - Animate Skeleton               Necromancy                   1
   c - Summon Small Mammal            Summoning                    1
   d - Apportation                    Translocation                1
 E - Sif Muna's Collected Works on Malediction
   (You found it on level 5 of the Dungeon)

   Spells                             Type                      Level
   a - Corona                         Hexes                        1
Comestibles
 b - 6 bread rations
 z - 4 meat rations
 I - 9 fruits
 P - 10 royal jellies
 U - a chunk of flesh
 V - a beef jerky


   Skills:
 + Level 4.0 Fighting
 + Level 1.2 Short Blades
 + Level 0.2(4.0) Maces & Flails
 + Level 6.5 Staves
 + Level 5.1 Dodging
 + Level 7.4 Stealth
 + Level 10.0 Spellcasting
 + Level 4.2 Conjurations
 + Level 12.9 Poison Magic


You had 14 spell levels left.
You knew the following spells:

 Your Spells              Type           Power        Failure   Level  Hunger
a - Sting                 Conj/Pois      ####         1%          1    None
b - Searing Ray           Conj           ####..       1%          2    None
c - Olgreb's Toxic Radia  Pois           ######..     1%          4    ##.....
d - Venom Bolt            Conj/Pois      #####.....   6%          5    ####...
e - Iskenderun's Mystic   Conj           ####....     12%         4    ##.....


Dungeon Overview and Level Annotations

Branches:
Dungeon (10/15)            Temple (1/1) D:7            Lair (1/6) D:8
    Orc (0/2) D:10

Altars:
Ashenzari
Cheibriados
Dithmenos
Elyvilon
Fedhas
Gozag
Hepliaklqana
Kikubaaqudgha
Makhleb
Nemelex Xobeh
Okawaru
Qazlal
Ru
Sif Muna
Trog
Uskayaw
Vehumet
Xom
Yredelemnul
Zin
The Shining One

Shops:
D:4 *

Annotations:
D:6 wazuzu's ghost, novice KoBe


Innate Abilities, Weirdness & Mutations

You cannot wear most types of armour.
You are very stealthy in the water. (Stealth+)
You are amphibious.
You can wear up to eight rings at the same time.
You can use your tentacles to constrict eight enemies at once.
Your skin changes colour to match your surroundings (Stealth+).
Your rubbery body absorbs attacks. (AC +1, EV +1)
You are resistant to hostile enchantments. (MR+)
Your system is resistant to poisons. (rPois)
You are robust. (+10% HP)
You occasionally shout uncontrollably at your foes.
You are sometimes teleported next to monsters.


Message History

* * * LOW HITPOINT WARNING * * *
Unknown command.
Sif Muna will now grant you divine energy when your reserves of magic are depleted.
You will briefly lose access to your magic after casting a spell in this manner.
Unknown command.
Casting: Iskenderun's Mystic Blast
Confirm with . or Enter, or press ? or * to list all spells.
Aiming: Iskenderun's Mystic Blast
Press: ? - help, Shift-Dir - straight line, f/p - spiny frog
Aim: a spiny frog (almost dead)
The orb of energy hits the spiny frog.
The spiny frog is almost dead.
Sif Muna grants you divine energy.
You briefly lose access to your magic!
The spiny frog stings you but does no damage.
Unknown command.
You barely miss the spiny frog. Your grab misses the spiny frog.
The spiny frog is almost dead.
The spiny frog stings you!
You die...

..................##..## #
..................##..# #
.................)##...#######
.?................##..........
...................###..##....
...................#.#..###...
..............................
................†.............
######.......@F...............
##........................
#P.>.....)....####..P##...
##............# ..###...
#...(......†.# ##...
#................ #...
#................. ##...
#................. .....
#.............#P.## .....


You could see a spiny frog.

Vanquished Creatures
  Sonja (Lair:1)
  Pikel (D:8)
  A manticore (D:10)
  Joseph (Lair:1)
  A gargoyle (D:10)
  2 komodo dragons
  2 spiny frogs (Lair:1)
  2 trolls (D:9)
  Grinder (D:4)
  A queen bee (D:8)
  4 blink frogs (Lair:1)
  4 hippogriffs
  5 yaks (Lair:1)
  Menkaure (D:5)
  5 water moccasins
  6 orc warriors
  3 slaves (D:8)
  4 sky beasts
  3 phantoms
  2 ice beasts
  An ogre (D:4)
  4 centaurs
  3 crocodiles (Lair:1)
  2 bullfrogs
  2 big kobolds
  A wyvern skeleton (D:9)
  4 scorpions
  25 killer bees
  5 wights (D:9)
  2 howler monkeys (D:9)
  5 crimson imps
  A quasit (D:8)
  2 centaur skeletons
  11 orc wizards
  Crazy Yiuf (D:3)
  A bullfrog skeleton (D:9)
  8 hounds
  8 orc priests
  Natasha (twice) (D:3)
  3 iguanas
  6 worker ants
  A hound zombie (D:7)
  3 hound skeletons
  A worker ant zombie (D:8)
  15 adders
  2 shadow imps
  An ooze (D:3)
  An adder zombie (D:4)
  An adder skeleton (D:9)
  A worm (D:3)
  4 dart slugs
  9 leopard geckos
  29 orcs
  3 ball pythons
  6 bats
  4 giant cockroaches
  12 goblins
  8 hobgoblins
  27 jackals
  23 kobolds
  5 quokkas
  2 ball python skeletons (D:4)
  5 frilled lizards
  7 rats
317 creatures vanquished.

Vanquished Creatures (others)
  14 plants (D:8)
14 creatures vanquished.

Grand Total: 331 creatures vanquished

Notes
Turn   | Place    | Note
-------+----------+-------------------------------------------
     0 | D:1      | dvd the Octopode Venom Mage began the quest for the Orb.
     0 | D:1      | Reached XP level 1. HP: 11/11 MP: 3/3
    60 | D:1      | Reached skill level 5 in Poison Magic
   173 | D:1      | Reached XP level 2. HP: 4/17 MP: 0/5
   784 | D:1      | Reached XP level 3. HP: 21/21 MP: 3/6
   814 | D:1      | Learned a level 3 spell: Mephitic Cloud
  1562 | D:2      | Reached skill level 1 in Conjurations
  1579 | D:2      | Found a hide-covered altar of Uskayaw.
  1614 | D:2      | Reached XP level 4. HP: 22/27 MP: 1/7
  1868 | D:2      | Found a sparkling altar of Nemelex Xobeh.
  2052 | D:2      | Found a faded altar of an unknown god.
  2612 | D:3      | Noticed Natasha
  2623 | D:3      | Killed Natasha
  2623 | D:3      | Reached XP level 5. HP: 21/32 MP: 1/9
  2632 | D:3      | Learned a level 4 spell: Olgreb's Toxic Radiance
  2835 | D:3      | Reached skill level 6 in Poison Magic
  3108 | D:3      | Noticed Natasha
  3113 | D:3      | Killed Natasha
  3181 | D:3      | Reached skill level 1 in Fighting
  3249 | D:3      | Reached XP level 6. HP: 32/38 MP: 2/11
  3546 | D:3      | Found a runed door.
  3550 | D:3      | Noticed Crazy Yiuf
  3556 | D:3      | Killed Crazy Yiuf
  3745 | D:4      | Found Plog's Assorted Antiques.
  3746 | D:4      | Noticed Grinder
  3750 | D:4      | Bought a scratched garnet ring for 105 gold pieces
  4103 | D:4      | Reached skill level 1 in Short Blades
  4370 | D:4      | Reached XP level 7. HP: 43/43 MP: 2/12
  4565 | D:4      | Killed Grinder
  4565 | D:4      | Reached skill level 5 in Stealth
  4565 | D:4      | Reached skill level 7 in Poison Magic
  4709 | D:5      | Entered Level 5 of the Dungeon
  4709 | D:5      | Noticed Menkaure
  4711 | D:5      | Killed Menkaure
  4711 | D:5      | Reached skill level 1 in Staves
  5005 | D:5      | Found a deep blue altar of Sif Muna.
  5017 | D:5      | Reached XP level 8. HP: 31/48 MP: 1/15
  5026 | D:5      | Became a worshipper of Sif Muna the Loreminder
  5032 | D:5      | Identified Sif Muna's Collected Works on Malediction
  5622 | D:6      | Reached skill level 5 in Spellcasting
  5918 | D:6      | Reached skill level 8 in Poison Magic
  5929 | D:6      | Gained mutation: Your system is resistant to poisons. (rPois) [potion of beneficial mutation]
  5965 | D:6      | Noticed wazuzu's ghost (novice KoBe)
  5988 | D:6      | Found a burning altar of Makhleb.
  5989 | D:6      | Found a radiant altar of Vehumet.
  6275 | D:7      | Found a blossoming altar of Fedhas.
  6579 | D:7      | Learned a level 2 spell: Searing Ray
  6983 | D:7      | Reached * piety under Sif Muna
  7036 | D:7      | Found a staircase to the Ecumenical Temple.
  7048 | Temple   | Entered the Ecumenical Temple
  7505 | D:7      | Found a hazy altar of Hepliaklqana.
  7508 | D:7      | Found an opulent altar of Gozag.
  7510 | D:7      | Found a shadowy altar of Dithmenos.
  7576 | D:7      | Reached XP level 9. HP: 41/55 MP: 8/17
  8726 | D:8      | Reached skill level 9 in Poison Magic
  8770 | D:8      | Noticed a queen bee
  8775 | D:8      | Reached ** piety under Sif Muna
  8779 | D:8      | Killed a queen bee
  9099 | D:8      | Reached skill level 10 in Poison Magic
  9180 | D:8      | Reached XP level 10. HP: 62/62 MP: 21/21
  9208 | D:8      | Learned a level 5 spell: Venom Bolt
  9326 | D:8      | Gained mutation: You expend magic power (3 MP) to strengthen your wands. [mutagenic meat]
  9327 | D:8      | Lost mutation: You expend magic power (3 MP) to strengthen your wands. [mutagenic meat]
  9328 | D:8      | Gained mutation: You are resistant to hostile enchantments. (MR+) [mutagenic meat]
  9329 | D:8      | Gained mutation: You occasionally shout uncontrollably at your foes. [mutagenic meat]
  9331 | D:8      | Gained mutation: Your mind is acute. (Int +2) [mutagenic meat]
  9391 | D:8      | Reached skill level 5 in Staves
  9532 | D:8      | Found a staircase to the Lair.
  9532 | D:8      | Noticed Pikel
  9537 | D:8      | Killed Pikel
  9537 | D:8      | Reached *** piety under Sif Muna
  9925 | D:9      | Reached skill level 11 in Poison Magic
 10194 | D:9      | Gained mutation: You are robust. (+10% HP) [potion of beneficial mutation]
 10342 | D:9      | Learned a level 4 spell: Iskenderun's Mystic Blast
 10394 | D:9      | Reached **** piety under Sif Muna
 10411 | D:9      | Lost mutation: You are resistant to hostile enchantments. (MR+) [mutagenic meat]
 10413 | D:9      | Lost mutation: Your mind is acute. (Int +2) [mutagenic meat]
 10414 | D:9      | Gained mutation: You are occasionally teleported next to monsters. [mutagenic meat]
 10415 | D:9      | Gained mutation: You are resistant to hostile enchantments. (MR+) [mutagenic meat]
 10416 | D:9      | Gained mutation: You are sometimes teleported next to monsters. [mutagenic meat]
 10848 | D:9      | Reached XP level 11. HP: 55/73 MP: 20/23
 10966 | D:10     | Entered Level 10 of the Dungeon
 10966 | D:10     | Found an ancient bone altar of Kikubaaqudgha.
 11248 | D:10     | Noticed a manticore
 11255 | D:10     | Killed a manticore
 11731 | D:10     | Found a staircase to the Orcish Mines.
 11852 | Lair:1   | Entered Level 1 of the Lair of Beasts
 11933 | Lair:1   | Noticed Sonja
 11941 | Lair:1   | Reached skill level 12 in Poison Magic
 11942 | Lair:1   | Killed Sonja
 12181 | Lair:1   | Noticed Joseph
 12195 | Lair:1   | Killed Joseph
 12621 | Lair:1   | Reached ***** piety under Sif Muna
 12624 | Lair:1   | Reached skill level 5 in Dodging
 12639 | Lair:1   | Reached skill level 10 in Spellcasting
 12793 | Lair:1   | Slain by a spiny frog

Vault maps used:
D:1:      minmay_arrival_jagged, minmay_quantized
D:2:      marbit_many_paths, lemuel_round_altar,
          chequers_ecumenical_altar_island
D:3:      uniq_crazy_yiuf_cottage, uniq_natasha
D:4:      serial_shops, shop, first_bread, uniq_grinder
D:5:      led_sif_book, uniq_menkaure
D:6:      grunt_temple_overflow_lords_of_destruction
D:7:      grunt_temple_overflow_open, fedhas_altar_2
D:8:      david_lair_shrubbed, david_nohive_1, uniq_pikel, uniq_erica
D:9:      onia_ninara_cookie
D:10:     david_orc_4, basic_altar
Temple:   eino_temple_water
Lair:1:   uniq_sonja, uniq_joseph

Skill      XL: |  1  2  3  4  5  6  7  8  9 10 11 |
---------------+----------------------------------+-----
Poison Magic   | 5 6 7 8 10 11 12 | 12.9
Stealth        | 3 4 5 6 7 |  7.4
Conjurations   | 1 2 3 4 |  4.2
Spellcasting   | 3 4 5 7 8 10 | 10.0
Fighting       | 1 2 3 4 |  4.0
Short Blades   | 1 |  1.2
Staves         | 1 3 4 5 6 |  6.5
Dodging        | 3 4 5 |  5.1
Maces & Flails | |  0.2

Action                   |  1- 3 |  4- 6 |  7- 9 | 10-12 || total
-------------------------+-------+-------+-------+-------++-------
Melee: Short sword       |     4 |    12 |       |       ||    16
       Whip              |    23 |    32 |       |       ||    55
       Constrict         |     6 |    12 |    24 |    22 ||    64
       Tentacles         |     3 |    11 |    14 |    24 ||    52
       Quarterstaff      |       |     5 |   117 |   140 ||   262
 Cast: Sting             |    51 |    75 |    32 |    12 ||   170
       Mephitic Cloud    |     1 |     1 |       |       ||     2
       Olgreb's Toxic Ra |       |    11 |    32 |    62 ||   105
       Searing Ray       |       |       |     6 |    10 ||    16
       Venom Bolt        |       |       |       |    13 ||    13
       Iskenderun's Myst |       |       |       |    21 ||    21
Invok: Divine Energy     |       |       |     1 |     3 ||     4
       Stop Divine Energ |       |       |     1 |     2 ||     3
Evoke: Wand              |       |       |       |     2 ||     2
  Use: Scroll            |       |     7 |     8 |    11 ||    26
       Potion            |       |       |     7 |     6 ||    13
 Stab: Sleeping          |     1 |     8 |     3 |     7 ||    19
       Paralysed         |       |       |     1 |       ||     1
       Confused          |       |       |       |     1 ||     1
  Eat: Chunk             |     3 |    11 |    14 |    25 ||    53
       Pizza             |       |       |     1 |     2 ||     3
       Fruit             |       |       |     1 |       ||     1
       Beef jerky        |       |       |     2 |     1 ||     3
Armor: Skin              |     6 |     2 |    26 |    41 ||    75
Dodge: Dodged            |    24 |    30 |    84 |   112 ||   250
